 Dungeon Crawl Stone Soup version 0.25-a0-578-gc91f01c39c (webtiles) character file.

Game seed: 2920174348913662651, levelgen mode: deterministic

506 ipx the Chopper (level 7, 0/61 HPs)
             Began as a Hill Orc Fighter on Mar 4, 2020.
             Was a Follower of Zin.
             Slain by a sky beast (6 damage)
             ... on level 5 of the Dungeon.
             The game lasted 00:12:51 (835 turns).

ipx the Chopper (Hill Orc Fighter)                   Turns: 835, Time: 00:12:52

Health: 0/61       AC:  8    Str: 21    XL:     7   Next: 18%
Magic:  9/9        EV:  7    Int:  8    God:    Zin [*.....]
Gold:   93         SH:  9    Dex: 10    Spells: 6/6 levels left

rFire    . . .     SeeInvis .   a - +2 hand axe (vorpal)
rCold    . . .     Gourm    .   c - +0 kite shield
rNeg     . . .     Faith    .   b - +0 scale mail
rPois    .         Spirit   .   (no helmet)
rElec    .         Reflect  .   (no cloak)
rCorr    .         Harm     .   n - +0 pair of gloves
MR       .....                  (no boots)
Stlth    ..........             (no amulet)
HPRegen  0.20/turn              (no ring)
MPRegen  0.11/turn              (no ring)

@: no status effects
A: no striking features
a: Recite, Donate Gold, Renounce Religion


You were on level 5 of the Dungeon.
You worshipped Zin.
Zin was aware of your devotion.
You were hungry.

You visited 1 branch of the dungeon, and saw 5 of its levels.

You collected 103 gold pieces.
You donated 10 gold pieces to Zin.

Inventory:

Hand Weapons
 a - a +2 vorpal hand axe (weapon)
Missiles
 m - 2 curare-tipped darts (quivered)
Armour
 b - a +0 scale mail (worn)
 c - a +0 kite shield (worn)
 n - a +0 pair of gloves (worn)
Scrolls
 d - 5 scrolls of identify {unknown}
 e - a scroll of enchant weapon {unknown}
 g - a scroll of remove curse {unknown}
 h - a scroll of enchant armour {unknown}
Potions
 i - a potion of ambrosia {unknown}
 j - a potion of curing {unknown}
 k - a potion of heal wounds
 l - a potion of flight {unknown}
Comestibles
 f - 4 rations


   Skills:
 - Level 5.0 Fighting
 + Level 6.5 Axes
 - Level 2.0 Throwing
 - Level 3.2 Armour
 + Level 4.3 Shields
   Level 3.0 Evocations


You had 6 spell levels left.
You didn't know any spells.
Your spell library was empty.

Dungeon Overview and Level Annotations

Branches:
Dungeon (5/15)
 Temple: D:4-7

Altars:
Ashenzari
Elyvilon
Zin

Annotations:
D:2 Sigmund
D:3 Natasha
D:4 Eustachio


Message History

You slash the orc priest!
You kill the orc priest!
You miss something. Something hits you. Something shocks you.
* * * LOW HITPOINT WARNING * * *
You hit something. Something hits you but does no damage.
You miss something. Something hits you but does no damage.
You miss something. You block something's attack.
You miss something. Something hits you but does no damage.
You hit something. Something hits you but does no damage.
You hit something.
You are feeling hungry.
You block something's attack.
You miss something. Something hits you.
* * * LOW HITPOINT WARNING * * *
Something shocks you.
* * * LOW HITPOINT WARNING * * *
Something hits you.
* * * LOW HITPOINT WARNING * * *
Something shocks you.
You die...

###
########.##
.......@{.#
########o)##
.#
##).########
...#
##.........#
#...#
##..#########
#...# ##..##
#...##.o##
#......#
##..Y..#


You could see an orc.

Vanquished Creatures
  2 ogres (D:5)
  A scorpion (D:5)
  2 orc priests
  A hound (D:5)
  Terence (D:3)
  3 worker ants (D:5)
  6 adders
  A worm (D:2)
  A dart slug (D:4)
  A leopard gecko (D:1)
  9 orcs
  5 bats
  3 giant cockroaches
  2 hobgoblins
  8 jackals
  A frilled lizard (D:4)
  3 goblins
  2 kobolds (D:3)
  A quokka skeleton (D:4)
  5 rats
58 creatures vanquished.

Notes
Turn   | Place    | Note
-------+----------+-------------------------------------------
     0 | D:1      | ipx the Hill Orc Fighter began the quest for the Orb.
     0 | D:1      | Reached XP level 1. HP: 19/19 MP: 1/1
    65 | D:1      | Reached skill level 3 in Axes
   130 | D:1      | Reached XP level 2. HP: 27/27 MP: 2/2
   172 | D:2      | Reached XP level 3. HP: 29/34 MP: 3/3
   232 | D:2      | Reached skill level 4 in Axes
   243 | D:3      | Found a shattered altar of Ashenzari.
   255 | D:2      | Noticed Sigmund
   299 | D:3      | Noticed Terence
   316 | D:3      | Killed Terence
   316 | D:3      | Reached XP level 4. HP: 26/41 MP: 4/4
   320 | D:3      | Found a glowing silver altar of Zin.
   324 | D:3      | Became a worshipper of Zin the Law-Giver
   334 | D:3      | Found a white marble altar of Elyvilon.
   348 | D:3      | Reached skill level 5 in Fighting
   426 | D:4      | Reached skill level 5 in Axes
   426 | D:4      | Reached skill level 1 in Throwing
   426 | D:4      | Reached XP level 5. HP: 16/48 MP: 5/5
   514 | D:4      | Noticed Eustachio
   552 | D:3      | Reached skill level 1 in Evocations
   557 | D:3      | Noticed Natasha
   591 | D:4      | Reached * piety under Zin
   598 | D:5      | Entered Level 5 of the Dungeon
   622 | D:5      | Noticed an ogre
   640 | D:5      | Killed an ogre
   640 | D:5      | Reached XP level 6. HP: 44/56 MP: 7/7
   662 | D:5      | Reached skill level 6 in Axes
   698 | D:5      | Reached XP level 7. HP: 54/61 MP: 9/9
   835 | D:5      | Slain by a sky beast

Levels and vault maps discovered:
D:1:      saegor_arrival_simple_a, layout_loops_ring
D:2:      layout_rooms, marbit_many_paths, overflow_temple_1_default,
          first_ration, uniq_sigmund
D:3:      layout_basic, zin_scriptorium, elyvilon_altar_1,
          overflow_temple_1_default, ashenzari_altar_1, uniq_natasha,
          uniq_terence
D:4:      layout_rooms, overflow_temple_1_default, uniq_eustachio
D:5:      layout_cave_pods, kennysheep_mini_moat, uniq_ijyb

Skill      XL: |  1  2  3  4  5  6  7 |
---------------+----------------------+-----
Axes           | 3 4 5 6 |  6.5
Fighting       | 4 5 |  5.0
Throwing       | 1 2 |  2.0
Evocations     | 2 3 |  3.0
Shields        | 4 |  4.3
Armour         | |  3.2

Action                   |  1- 3 |  4- 6 |  7- 9 || total
-------------------------+-------+-------+-------++-------
Melee: War axe           |    64 |    27 |       ||    91
       Hand axe          |       |    44 |    34 ||    78
Throw: Dart              |       |     6 |       ||     6
Evoke: Wand              |       |     4 |     2 ||     6
  Use: Potion            |     1 |       |     1 ||     2
Armor: Scale mail        |    27 |    33 |    16 ||    76
Dodge: Dodged            |    20 |    26 |    11 ||    57
Block: Kite shield       |    36 |    42 |    17 ||    95

Table legend:
 A = Non-vault XP
 B = Vault XP
 C = Vault XP percentage of total XP
 D = Non-vault monster count
 E = Vault monster count
 F = Vault count percentage of total count
                 A         B        C        D         E       F
            +---------+---------+-------+---------+---------+-------
      Total |     687 |      36 |   5.0 |      56 |       1 |   1.8
            +---------+---------+-------+---------+---------+-------
        D:1 |      12 |       0 |   0.0 |       7 |       0 |   0.0
        D:2 |      41 |       0 |   0.0 |       8 |       0 |   0.0
        D:3 |      39 |      36 |  48.0 |      11 |       1 |   8.3
        D:4 |      72 |       0 |   0.0 |      13 |       0 |   0.0
        D:5 |     523 |       0 |   0.0 |      17 |       0 |   0.0
            +---------+---------+-------+---------+---------+-------
